 Dungeon Crawl Stone Soup version 0.31-a0-149-g3fdcc5976a (webtiles) character file.

Game seed: 3466239625549561091

446 qw the Skirmisher (level 6, -3/53 HPs)
             Began as a Minotaur Hunter on June 7, 2023.
             Slain by a lemure (4 damage)
             ... led by Pikel
             ... on level 5 of the Dungeon.
             The game lasted 00:01:32 (3374 turns).

qw the Skirmisher (Minotaur Hunter)                 Turns: 3374, Time: 00:01:32

Health: -3/53      AC:  6    Str: 15    XL:     6   Next: 73%
Magic:  5/5        EV: 11    Int:  6    God:
Gold:   59         SH:  0    Dex: 16    Spells: 5/5 levels left

rFire   . . .        c - -3 longbow
rCold   . . .        (shield currently unavailable)
rNeg    . . .        e - +0 ring mail
rPois   .            (helmet restricted)
rElec   .            (no cloak)
rCorr   .            g - +0 pair of gloves
SInv    .            (no boots)
Will    .....        b - amulet of regeneration
Stlth   +            (no ring)
HPRegen 1.08/turn    (no ring)
MPRegen 0.09/turn

%: no passive effects
@: no status effects
A: horns 2, retaliatory headbutt, fangs 1, hooves 1
a: no special abilities


You were on level 5 of the Dungeon.
You visited 1 branch of the dungeon, and saw 5 of its levels.

You collected 214 gold pieces.
You spent 155 gold pieces at shops.


Innate Abilities, Weirdness & Mutations

You have a pair of horns on your head.
You reflexively headbutt those who attack you in melee.
You have very sharp teeth.
You have large cloven feet.


   Skills:
 + Level 4.5 Fighting
 - Level 8.0 Ranged Weapons
 - Level 1.5 Armour
 - Level 2.1 Dodging
 - Level 0.7 Stealth


You had 5 spell levels left.
You didn't know any spells.
Your spell library was empty.

Inventory:

Hand Weapons
 c - a -3 longbow (weapon)
Armour
 e - a +0 ring mail (worn)
 g - a +0 pair of gloves (worn)
Jewellery
 b - an amulet of regeneration (around neck)
Scrolls
 i - 3 scrolls of identify
Potions
 a - a potion of mutation
 d - 2 potions of curing
 f - a potion of haste
 k - 2 potions of might

Dungeon Overview and Level Annotations

Branches:
Dungeon (5/15)
 Temple: D:4-7

Altars:
Gozag

Shops:
D:1 ?   D:2 ?   D:4 *

Annotations:
D:5 Pikel


Message History

Pikel is moderately wounded.
The lemure hits you. x2
You shoot an arrow. The arrow hits the lemure.
The lemure is severely wounded.
The lemure hits you but does no damage.
You shoot an arrow. The arrow closely misses the lemure.
The arrow hits the lemure!
The lemure is moderately wounded.
The lemure hits you!
Pikel hits you with a +0 whip of electrocution.
You are electrocuted!
The lemure hits you.
You shoot an arrow. The arrow hits the lemure.
The lemure is severely wounded.
The lemure hits you but does no damage. The lemure hits you.
Pikel hits you with a +0 whip of electrocution!
You shoot an arrow. The arrow misses the lemure.
The lemure barely misses you. Pikel barely misses you. The lemure hits you!
Pikel closely misses you. The lemure hits you but does no damage.
The lemure barely misses you.
3370 ||| DRINKING 2 potions of heal wounds.
You feel much better. The lemure hits you.
Pikel hits you with a +0 whip of electrocution.
The lemure hits you.
You shoot an arrow. The arrow hits the lemure.
The lemure is almost dead.
The lemure hits you! x2; Pikel closely misses you.
3372 ||| DRINKING potion of heal wounds.
You feel much better. The lemure barely misses you.
Pikel hits you but does no damage.
You are electrocuted!!
The lemure hits you.
You shoot an arrow. The arrow barely misses the lemure.
The lemure barely misses you.
Pikel hits you with a +0 whip of electrocution.
The lemure closely misses you.
You shoot an arrow. The arrow closely misses the lemure.
The lemure hits you.
Pikel hits you with a +0 whip of electrocution.
You are electrocuted!
The lemure closely misses you. The lemure hits you.
You die...

##.....##
#######.
##.......## #.
#.........####
#.
+.........'..+
..
#.........####
##.
##.......## ..
####.....## ##
#.......##
#.####@5# #5K#
#55# #..# ...#
.... .....
.....~


You could see Pikel and 4 lemures.

Vanquished Creatures
  A phantom (D:4)
  A howler monkey (D:4)
  A jelly (D:4)
  Jessica (D:3)
  2 iguanas
  Ijyb (D:3)
  8 adders
  2 worms
  A dart slug (D:1)
  10 orcs
  11 bats
  9 endoplasms
  5 giant cockroaches
  7 goblins
  12 hobgoblins
  6 jackals
  8 kobolds
  8 quokkas
  7 ball pythons
  2 frilled lizards (D:3)
  13 rats
116 creatures vanquished.

Notes
Turn   | Place    | Note
-------+----------+-------------------------------------------
     0 | D:1      | qw the Minotaur Hunter began the quest for the Orb.
     0 | D:1      | Reached XP level 1. HP: 18/18 MP: 0/0
     0 | D:1      | 0 ||| qw: Version: 0.2-a-117-gc6b5c8b
     0 | D:1      | 0 ||| qw: Game counter: 2562
     0 | D:1      | 0 ||| qw: Always use a shield: true
     0 | D:1      | 0 ||| qw: God list: Okawaru
     0 | D:1      | 0 ||| qw: Allow faded altars: false
     0 | D:1      | 0 ||| qw: Do Orc after D:15 true
     0 | D:1      | 0 ||| qw: Do second Lair branch before Depths: true
     0 | D:1      | 0 ||| qw: Lair rune preference: random
     0 | D:1      | 0 ||| qw: Plans: Normal
     0 | D:1      | 0 ||| PLANNING D:1-11
    38 | D:1      | Reached XP level 2. HP: 24/25 MP: 1/1
    68 | D:1      | Reached skill level 5 in Ranged Weapons
   145 | D:1      | Reached skill level 3 in Fighting
   260 | D:1      | Reached XP level 3. HP: 31/31 MP: 2/2
   425 | D:1      | Found Fuyzxuer's Magic Scroll Shoppe.
   428 | D:1      | 428 ||| BUYING scroll of identify (24 gold).
   428 | D:1      | Bought a scroll of identify for 24 gold pieces
   428 | D:1      | 428 ||| SHOPLISTING scroll of teleportation (36 gold, have
                  | 14).
   600 | D:1      | 600 ||| UPGRADING to +0 ring mail.
   610 | D:1      | 610 ||| DROPPING +0 leather armour.
   611 | D:1      | 611 ||| UPGRADING to +0 pair of gloves.
   616 | D:1      | 616 ||| READING scroll labelled YFUNOE LOMECU.
   617 | D:1      | 617 ||| READING scroll labelled VADAMAU ODOYLO.
   618 | D:1      | 618 ||| DRINKING 2 clear potions.
   619 | D:1      | 619 ||| READING 3 scrolls of identify.
   619 | D:1      | 619 ||| IDENTIFYING coppery potion
   620 | D:1      | 620 ||| READING 2 scrolls of identify.
   620 | D:1      | 620 ||| IDENTIFYING cyan potion
   621 | D:1      | 621 ||| DROPPING scroll of butterflies.
   623 | D:1      | 623 ||| Stepping ~*~*~tactically~*~*~ (cloud).
   633 | D:1      | HP: 7/31 [poisoned by you (poison gas)]
   638 | D:1      | HP: 5/31 [poisoned by you (poison gas)]
   793 | D:2      | Reached skill level 1 in Armour
   951 | D:2      | Reached XP level 4. HP: 38/38 MP: 3/3
  1131 | D:2      | Found Losi's Magic Scroll Shoppe.
  1139 | D:2      | 1139 ||| BUYING 3 scrolls of identify (60 gold).
  1139 | D:2      | Bought 3 scrolls of identify for 60 gold pieces
  1139 | D:2      | 1139 ||| SHOPLISTING scroll of brand weapon (95 gold, have
                  | 30).
  1139 | D:2      | 1139 ||| BUYING scroll of identify (20 gold).
  1139 | D:2      | Bought a scroll of identify for 20 gold pieces
  1139 | D:2      | 1139 ||| SHOPLISTING scroll of identify (20 gold, have 10).
  1139 | D:2      | 1139 ||| SHOPLISTING scroll of teleportation (30 gold, have
                  | 10).
  1340 | D:2      | Reached skill level 6 in Ranged Weapons
  1448 | D:2      | 1448 ||| READING scroll labelled WETHIESOGESH.
  1449 | D:2      | 1449 ||| READING scroll labelled QIPORO FETEJA.
  1450 | D:2      | 1450 ||| READING scroll labelled LASAOSO SIETUN.
  1451 | D:2      | 1451 ||| READING 7 scrolls of identify.
  1451 | D:2      | 1451 ||| IDENTIFYING murky pink potion
  1452 | D:2      | 1452 ||| READING 6 scrolls of identify.
  1452 | D:2      | 1452 ||| IDENTIFYING golden potion
  1453 | D:2      | 1453 ||| DROPPING potion of magic.
  1454 | D:2      | 1454 ||| DROPPING potion of enlightenment.
  1487 | D:3      | Noticed Ijyb
  1499 | D:3      | Killed Ijyb
  1705 | D:3      | Reached XP level 5. HP: 41/46 MP: 4/4
  1905 | D:3      | Noticed Jessica
  1910 | D:3      | Killed Jessica
  2435 | D:3      | 2435 ||| READING 4 scrolls labelled VICWOE NERUMNOPN.
  2436 | D:3      | 2436 ||| READING scroll labelled FORARH FAJILO.
  2537 | D:3      | 2537 ||| READING scroll labelled QEASOE XULLAI.
  2538 | D:3      | 2538 ||| READING scroll labelled OFEAFANK SO NIA.
  2539 | D:3      | 2539 ||| READING scroll labelled XYECZA MUAVUAVAE.
  2540 | D:3      | 2540 ||| DRINKING 2 green potions.
  2540 | D:3      | Gained mutation: You have very sharp teeth. [potion of
                  | mutation]
  2540 | D:3      | Gained mutation: You have large cloven feet. [potion of
                  | mutation]
  2541 | D:3      | 2541 ||| READING 6 scrolls of identify.
  2541 | D:3      | 2541 ||| IDENTIFYING inky potion
  2542 | D:3      | 2542 ||| READING 5 scrolls of identify.
  2542 | D:3      | 2542 ||| IDENTIFYING fizzy cyan potion
  2543 | D:3      | 2543 ||| READING 4 scrolls of identify.
  2543 | D:3      | 2543 ||| IDENTIFYING lumpy inky potion
  2544 | D:3      | 2544 ||| DROPPING 3 scrolls of vulnerability.
  2545 | D:3      | 2545 ||| DROPPING potion of attraction.
  2546 | D:3      | 2546 ||| DROPPING potion of lignification.
  2629 | D:4      | 2629 ||| READING scroll of enchant weapon.
  2629 | D:4      | 2629 ||| ENCHANTING +1 shortbow.
  2680 | D:4      | Reached skill level 7 in Ranged Weapons
  2721 | D:4      | Reached XP level 6. HP: 52/52 MP: 5/5
  2823 | D:4      | Found Jeyfefous's Lightly-Used Armoury.
  2834 | D:4      | Reached skill level 8 in Ranged Weapons
  2839 | D:4      | 2839 ||| BUYING -1 triple crossbow (50 gold).
  2839 | D:4      | Bought a -1 triple crossbow for 50 gold pieces
  2839 | D:4      | 2839 ||| BUYING -3 longbow (1 gold).
  2839 | D:4      | Bought a -3 longbow for 1 gold piece
  2839 | D:4      | 2839 ||| SWAPPING to -3 longbow.
  2840 | D:4      | 2840 ||| DROPPING -1 triple crossbow.
  2841 | D:4      | 2841 ||| DROPPING +2 shortbow.
  2898 | D:4      | Found an opulent altar of Gozag.
  3168 | D:4      | 3168 ||| UPGRADING to amulet of regeneration.
  3194 | D:5      | Entered Level 5 of the Dungeon
  3360 | D:5      | Noticed Pikel
  3369 | D:5      | HP: 11/53 [lemure[Pikel] (7)]
  3370 | D:5      | 3370 ||| DRINKING 2 potions of heal wounds.
  3372 | D:5      | 3372 ||| DRINKING potion of heal wounds.
  3374 | D:5      | HP: 13/53 [lemure[Pikel] (2)]
  3374 | D:5      | HP: 1/53 [Pikel/+0 whip of electrocution (8)]
  3374 | D:5      | Slain by a lemure

Levels and vault maps discovered:
D:1:      minmay_arrival_radiant_lines, layout_loops_cross, serial_shops, shop,
          minmay_tiny_reverse_x
D:2:      layout_basic, serial_shops, nicolae_shop_gibbet_a_chance,
          minmay_misc_feat_alley, minmay_rat_gold_closets
D:3:      layout_basic, uniq_ijyb, uniq_jessica
D:4:      layout_rooms, lemuel_round_altar, minmay_shop_damaged
D:5:      layout_loops_corners, kennysheep_little_box,
          mainiacjoe_overflow_large_starburst, temple_pool_b,
          minmay_misc_feat_ornament, uniq_pikel

Skill      XL: |  1  2  3  4  5  6 |
---------------+-------------------+-----
Ranged Weapons | 5 6 7 8 |  8.0
Fighting       | 3 4 |  4.5
Armour         | 1 |  1.5
Dodging        | |  2.1
Stealth        | |  0.7

Action                     |  1- 3 |  4- 6 || total
---------------------------+-------+-------++-------
   Fire: Shortbow          |   124 |   192 ||   316
         Longbow           |       |    19 ||    19
    Use: Scroll            |     4 |    14 ||    18
         Potion            |     1 |     3 ||     4
 Armour: Leather armour    |    21 |       ||    21
         Ring mail         |     6 |    40 ||    46
  Dodge: Dodged            |    30 |    61 ||    91

Table legend:
 A = Non-vault XP
 B = Vault XP
 C = Vault XP percentage of total XP
 D = Non-vault monster count
 E = Vault monster count
 F = Vault count percentage of total count
                 A         B        C        D         E       F
            +---------+---------+-------+---------+---------+-------
      Total |     553 |      85 |  13.3 |     104 |      12 |  10.3
            +---------+---------+-------+---------+---------+-------
        D:1 |      59 |       4 |   6.3 |      32 |       2 |   5.9
        D:2 |      61 |       8 |  11.6 |      21 |       8 |  27.6
        D:3 |      92 |      73 |  44.2 |      22 |       2 |   8.3
        D:4 |     293 |       0 |   0.0 |      27 |       0 |   0.0
        D:5 |      48 |       0 |   0.0 |       2 |       0 |   0.0
            +---------+---------+-------+---------+---------+-------
